 Dungeon Sprint DCSS version 0.20-a0-1126-g0f15420 (webtiles) character file.

19 potatolord6000 the Sneak (level 2, -2/16 HPs)
             Began as a Spriggan Assassin on May 17, 2017.
             Was an Initiate of Gozag.
             Killed from afar by Blork the orc (10 damage)
             ... with a puff of frost
             ... in the Dungeon (Sprint V: "Ziggurat Sprint").
             The game lasted 00:02:08 (115 turns).

potatolord6000 the Sneak (Spriggan Assassin)         Turns: 115, Time: 00:02:08

Health: -2/16      AC:  3    Str:  7    XL:     2   Next: 55%
Magic:  3/3        EV: 23    Int: 12    God:    Gozag
Gold:   117        SH:  0    Dex: 29    Spells: 1/1 levels left

rFire    . . .     SeeInvis +   a - +5 fustibalus
rCold    . . .     Gourm    .   (shield restricted)
rNeg     . . .     Faith    .   c - +0 robe
rPois    .         Spirit   .   (helmet restricted)
rElec    .         Reflect  .   d - +0 cloak
rCorr    .         Harm     .   (gloves unavailable)
MR       .....     NoTele   +   (boots unavailable)
Stlth    +++++.....             (no amulet)
Regen    0.1/turn               y - +6 ring of dexterity
MPRegen  0.1/turn               z - +6 ring of dexterity

@: very quick
A: unfitting armour, see invisible, herbivore 3, speed 3, slow metabolism 2
a: Potion Petition, Call Merchant, Bribe Branch, Renounce Religion


You were in the Dungeon.
You worshipped Gozag.
Gozag was aware of your devotion.
You were not hungry.

You visited 1 branch You collected 117 gold pieces.

Inventory:

Hand Weapons
 a - a +5 fustibalus (weapon)
 A - a +5 quick blade
Missiles
 B - 997 sling bullets (quivered)
Armour
 c - a +0 robe (worn)
 d - a +0 cloak (worn)
Jewellery
 y - a +6 ring of dexterity (left hand)
 z - a +6 ring of dexterity (right hand)
Scrolls
 e - 4 scrolls of amnesia
 f - 3 scrolls of recharging
 m - 4 scrolls of blinking
 n - 7 scrolls of fog
 o - a scroll of holy word
 p - 5 scrolls of identify
 q - 5 scrolls of remove curse
 r - 2 scrolls of fear
Potions
 h - 10 potions of curing
 i - 9 potions of heal wounds
 j - 6 potions of haste
 k - 7 potions of magic
 l - 3 potions of berserk rage
 s - 2 potions of brilliance
 t - 2 potions of invisibility
 u - 4 potions of resistance
 w - 5 potions of agility
 x - 5 potions of might
Comestibles
 b - 42 fruits
 g - 5 bread rations


   Skills:
 + Level 3.3 Fighting
 + Level 4.3 Short Blades
 + Level 3.9(4.3) Slings
 - Level 2.0(2.9) Throwing
 + Level 5.1 Dodging
 + Level 7.9 Stealth


You had one spell level left.
You didn't know any spells.

Dungeon Overview and Level Annotations

Branches:
Dungeon (1/1)

Altars:
Ashenzari
Cheibriados
Dithmenos
Elyvilon
Fedhas
Gozag
Hepliaklqana
Kikubaaqudgha
Makhleb
Nemelex Xobeh
Okawaru
Qazlal
Ru
Sif Muna
Trog
Uskayaw
Vehumet
Wu Jian
Xom
Yredelemnul
Zin
The Shining One
Beogh
Jiyva
Lugonu

Annotations:
D 1 transporter, Blork the orc, Jessica, Sigmund


Innate Abilities, Weirdness & Mutations

You are very small and have problems with some larger weapons.
You are too small for most types of armour.
You have supernaturally acute eyesight. (SInv)
You are a herbivore.
You cover ground extremely quickly.
You need consume almost no food.


Message History

You feel much better.
Firing (i - inventory):
B - 999 sling bullets (quivered)
Press: ? - help, Shift-Dir - straight line, f/p - Sigmund
Aim: Sigmund, wielding a scythe and wearing a robe (lightly wounded)
You shoot a sling bullet.
The sling bullet closely misses Sigmund.
Blork the orc shouts!
Jessica gestures at you while chanting. Pain shoots through your body!
Ouch! That really hurt!
Firing (i - inventory):
B - 998 sling bullets (quivered)
Press: ? - help, Shift-Dir - straight line, f/p - Sigmund
Aim: Sigmund, wielding a scythe and wearing a robe (lightly wounded)
You shoot a sling bullet. The sling bullet hits Sigmund.
Sigmund is lightly wounded.
Blork the orc casts a spell at you. The puff of frost hits you!
Ouch! That really hurt!
You die...
Your body crumbles into a pile of gold.

▓▓▓▓▓▓▓▓▓▓▓▓▓
▓.8©8.▓.8©8.▓
▓.()).▓.....▓
▓.....▓.|.=.▓
▓.@(o.▓.....▓
▓..@..▓.....▓
▓.....▓.....▓
▓..@..▓▓▓▓▓▓▓
▓▓▓▓▓▓▓


You could see Blork the orc, Sigmund and Jessica.

Vanquished Creatures
  An adder (D)
  A ball python (D)
2 creatures vanquished.

Vanquished Creatures (others)
  A spatial maelstrom (D)
1 creature vanquished.

Grand Total: 3 creatures vanquished

Notes
Turn   | Place    | Note
-------+----------+-------------------------------------------
     0 | D        | potatolord6000 the Spriggan Assassin began the quest for the Orb.
     0 | D        | Reached XP level 1. HP: 10/10 MP: 2/2
     7 | D        | Found a blossoming altar of Fedhas.
     7 | D        | Banished a spatial maelstrom
     9 | D        | Found a viscous altar of Jiyva.
     9 | D        | Found a hazy altar of Hepliaklqana.
     9 | D        | Found an ancient bone altar of Kikubaaqudgha.
     9 | D        | Found an opulent altar of Gozag.
     9 | D        | Found a corrupted altar of Lugonu.
    17 | D        | Found a burning altar of Makhleb.
    18 | D        | Found a stormy altar of Qazlal.
    18 | D        | Found an iron altar of Okawaru.
    18 | D        | Found a sacrificial altar of Ru.
    18 | D        | Found a sparkling altar of Nemelex Xobeh.
    18 | D        | Found a deep blue altar of Sif Muna.
    18 | D        | Found a bloodstained altar of Trog.
    71 | D        | Became a worshipper of Gozag Ym Sagoz the Greedy
    80 | D        | Reached skill level 7 in Stealth
    80 | D        | Reached XP level 2. HP: 16/16 MP: 3/3
    84 | D        | Entered arena 2.
    91 | D        | Reached skill level 5 in Dodging
   111 | D        | Entered arena 3.
   111 | D        | Noticed Sigmund
   111 | D        | Noticed Jessica
   111 | D        | Noticed Blork the orc
   115 | D        | Killed from afar by Blork the orc

Vault maps used:
D:        sprint_v

Skill      XL: |  1  2 |
---------------+-------+-----
Fighting       | 3 |  3.3
Short Blades   | 4 |  4.3
Slings         | 3 |  3.9
Dodging        | 4 5 |  5.1
Stealth        | 7 |  7.9
Throwing       | |  2.0

Action                   || total
-------------------------++-------
Melee: Quick blade       ||     7
 Fire: Fustibalus        ||     3
  Use: Potion            ||     2
Armor: Robe              ||     1
Dodge: Dodged            ||     7
